 Dungeon Crawl Stone Soup version 0.29-a0-359-g541a27f54d (webtiles) character file.

Game seed: 17377245316751810498

6458 Shayle the Sneak (level 10, 0/63 HPs)
             Began as a Tengu Brigand on Apr 27, 2022.
             Was an Initiate of Ashenzari.
             Slain by a troll (11 damage)
             ... on level 1 of the Lair of Beasts on Apr 28, 2022.
             The game lasted 00:37:42 (12642 turns).

Shayle the Sneak (Tengu Brigand)                   Turns: 12642, Time: 00:37:43

Health: 0/63       AC:  8    Str: 11    XL:     10   Next: 99%
Magic:  19/19      EV: 16    Int: 15    God:    Ashenzari [......]
Gold:   310        SH:  5    Dex: 17    Spells: 15/20 levels left

rFire   + . .      SeeInvis .   j - +9 trident "Mamisom" {elec, rPois}
rCold   + . .      Faith    .   J - +1 buckler {rN+}
rNeg    + + .      Spirit   .   n - +0 ring mail
rPois   +          Reflect  .   (helmet restricted)
rElec   +          Harm     .   q - +2 cloak of the Oracular Mistrust {+Blink rElec rF+ Stlth-, Cun, Bglg} (curse)
rCorr   .          Rampage  .   (no gloves)
Will    .....                   (boots unavailable)
Stlth   ++........              (no amulet)
HPRegen 0.20/turn               x - ring of protection from cold
MPRegen 0.16/turn               L - ring of positive energy

@: flying quickly and evasively, quick
A: beak, talons 3, nimble flight
a: Renounce Religion, Evoke Blink, Curse Item, Shatter the Chains


You were on level 1 of the Lair of Beasts.
You worshipped Ashenzari.
Ashenzari was noncommittal.
You visited 3 branches of the dungeon, and saw 11 of its levels.
You also visited: Ossuary.

You collected 310 gold pieces.

Inventory:

Hand Weapons
 a - a +2 dagger
 h - a +2 flail of draining
 j - the +9 trident "Mamisom" (weapon) {elec, rPois}
   (You took it off an orc priest on level 9 of the Dungeon)

   It occasionally discharges a powerful burst of electricity upon striking a
   foe.
   rPois:     It protects you from poison.
 F - a +1 hand axe of venom
 H - a +3 scimitar of freezing
 K - a +3 whip
Missiles
 d - 12 poisoned darts (quivered)
 e - a curare-tipped dart
 y - 3 throwing nets
Armour
 b - a +0 robe
 c - a +0 cloak
 n - a +0 ring mail (worn)
 q - the cursed +2 cloak of the Oracular Mistrust (worn) {+Blink rElec rF+ Stlth-, Cun, Bglg}
   (You found it on level 2 of the Dungeon)

   rF:        It protects you from fire.
   rElec:     It insulates you from electricity.
   +Blink:    It lets you blink.
   Stlth:     It makes you less stealthy.
   It has a curse which improves the following skills: Cunning: Dodging and
   Stealth.
   Beguiling: Conjurations, Hexes and Translocations.
 s - the +1 scale mail "Amoidde" {rPois rF+ MP+9 Dex+4}
   (You found it on level 9 of the Dungeon)

   Dex:       It affects your dexterity (+4).
   rF:        It protects you from fire.
   rPois:     It protects you from poison.
   MP:        It affects your magic capacity (+9).
 z - +0 steam dragon scales
 I - a +2 robe of fire resistance
 J - a +1 buckler of positive energy (worn)
Magical Staves
 G - a staff of death
Jewellery
 x - a ring of protection from cold (left hand)
 L - a ring of positive energy (right hand)
Wands
 o - a wand of flame (2)
 v - a wand of iceblast (10)
Scrolls
 f - 2 scrolls of amnesia
 g - 3 scrolls of identify
 k - 3 scrolls of enchant weapon
 m - 2 scrolls of noise
 p - 2 scrolls of magic mapping
 u - 3 scrolls of teleportation
Potions
 i - a potion of degeneration
 l - 2 potions of brilliance
 r - a potion of cancellation
 w - a potion of curing
 A - 2 potions of haste
 C - 2 potions of lignification
 E - a potion of might
 M - 2 potions of ambrosia
 N - 2 potions of mutation


   Skills:
 + Level 7.0 Fighting
 - Level 2.1 Short Blades
 + Level 2.0 Polearms
 - Level 2.0 Throwing
 + Level 7.4(7.8) Dodging
 - Level 7.9(8.3) Stealth
 + Level 5.9 Spellcasting
 + Level 7.4(7.9) Conjurations
 + Level 2.0(2.3) Hexes
 + Level 3.0 Summonings
 + Level 1.7(2.1) Translocations
 + Level 4.2 Earth Magic


You had 15 spell levels left.
You knew the following spells:

 Your Spells              Type           Power      Damage    Failure   Level
a - Stone Arrow           Conj/Erth      44%        3d9       13%         3
b - Blink                 Tloc           20%        N/A       32%         2

Your spell library contained the following spells:

 Spells                   Type           Power      Damage    Failure   Level
 Sandblast                Erth           34%        2d9       9%          1
 Shock                    Conj/Air       64%        1d7       10%         1
 Summon Small Mammal      Summ           52%        N/A       14%         1
 Apportation              Tloc           20%        N/A       22%         1
 Passwall                 Tmut/Erth      8%         N/A       32%         2
 Animate Skeleton         Necr           8%         N/A       45%         1
 Gell's Gravitas          Tloc           10%        N/A       54%         3
 Lesser Beckoning         Tloc           10%        N/A       54%         3
 Teleport Other           Tloc           10%        N/A       54%         3
 Swiftness                Air            4%         N/A       83%         3
 Airstrike                Air            2%         N/A       99%         4
 Manifold Assault         Tloc           10%        N/A       99%         5
 Dispersal                Tloc           5%         N/A       100%        6


Dungeon Overview and Level Annotations

Branches:
Dungeon (9/15)             Temple (1/1) D:4            Lair (1/6) D:9
Ossuary (visited)
    Orc: D:9-12

Altars:
Ashenzari
Cheibriados
Dithmenos
Elyvilon
Fedhas
Gozag
Hepliaklqana
Kikubaaqudgha
Makhleb
Nemelex Xobeh
Okawaru
Qazlal
Ru
Sif Muna
Trog
Uskayaw
Vehumet
Wu Jian
Xom
Yredelemnul
Zin
The Shining One

Shops:
D:1 (   D:6 :


Innate Abilities, Weirdness & Mutations

You have a beak for a mouth.
You have claws for feet.
Your magical nature lets you fly swiftly and evasively.


Message History

You kill the hound!
Your Polearms skill increases to level 2!
Your Hexes skill increases to level 2!
You see here a hound corpse.
There is an open door here.
You start resting.
HP restored.
The troll shouts!
There is a staircase to the Lair here.
The hound barks!
Reach: j) +9 trident "Mamisom" {elec, rPois}
Press: ? - help, Dir - move target, f - troll
Aim: a troll (about 29% to evade the +9 trident "Mamisom")
You reach to attack!
You puncture the troll!
The troll is lightly wounded.
Unknown command.
You block the troll's attack. The troll misses you.
The troll closely misses you.
You fly downwards.
Welcome to the Lair of Beasts!
There is a staircase back to the Dungeon here.
You hit the troll. You claw the troll, but do no damage.
The troll is lightly wounded.
The water moccasin hisses angrily.
The troll closely misses you. The troll completely misses you.
The troll claws you! The troll bites you! The troll claws you.
The troll closely misses you.
Unknown command.
You hit the troll. You peck the troll.
The troll is moderately wounded.
The troll bites you. The troll barely misses you. You block the troll's attack.
You barely miss the troll. Your peck misses the troll.
The troll is moderately wounded.
The troll bites you! The troll barely misses you.
The troll claws you but does no damage.
You closely miss the troll. You claw the troll.
The troll is moderately wounded.
The troll bites you!
* * * LOW HITPOINT WARNING * * *
The troll claws you!
You die...

##P########.###
.......@.......
..P####T######.
#S. #.#. #.#..
#.# #. ..# .#
... #


You could see a troll and a water moccasin.

Vanquished Creatures
  A two-headed ogre (D:9)
  A kobold demonologist (D:7)
  A hornet (D:7)
  Prince Ribbit (D:7)
  5 yaks (D:8)
  A wyvern (D:9)
  3 steam dragons
  A water moccasin (D:7)
  An orc warrior (D:8)
  An ice beast (D:8)
  A wolf (D:9)
  3 centaurs
  A phantom (D:4)
  5 bullfrogs
  4 necrophages
  5 water moccasin zombies (Ossuary)
  2 scorpions
  6 wights
  5 killer bees
  2 electric eels (D:9)
  7 howler monkeys
  6 orc priests
  9 hounds
  2 jellies (D:7)
  5 iguanas
  12 orc wizards
  2 mummies (Ossuary)
  15 gnolls
  9 adders
  A shadow imp (D:5)
  A white imp (D:7)
  4 adder zombies (Ossuary)
  9 worms
  5 dart slugs
  30 orcs
  6 ball pythons
  6 endoplasms
  A giant cockroach (D:2)
  7 gnoll zombies (Ossuary)
  6 goblins
  9 hobgoblins
  3 jackals (D:4)
  A quokka (D:1)
  5 bats
  3 frilled lizards (D:1)
  4 hobgoblin zombies (Ossuary)
  9 kobolds
  5 kobold zombies (Ossuary)
  6 orc zombies (Ossuary)
  4 rats
  A bush (D:7)
243 creatures vanquished.

Vanquished Creatures (others)
  A black bear (D:7)
  54 plants
55 creatures vanquished.

Grand Total: 298 creatures vanquished

Notes
Turn   | Place    | Note
-------+----------+-------------------------------------------
     0 | D:1      | Shayle the Tengu Brigand began the quest for the Orb.
     0 | D:1      | Reached XP level 1. HP: 12/12 MP: 2/2
   190 | D:1      | Reached XP level 2. HP: 13/17 MP: 3/3
   687 | D:1      | Reached XP level 3. HP: 14/22 MP: 5/5
   704 | D:1      | Found Bioteicu's Weapon Emporium.
   708 | D:1      | Reached skill level 1 in Spellcasting
  1362 | D:2      | Identified the +2 cloak "Nuplihit" {+Blink rElec rF+
                  | Stlth-}
  1386 | D:2      | Reached XP level 4. HP: 10/27 MP: 5/7
  1801 | D:3      | Gained mutation: Your magical nature lets you fly swiftly
                  | and evasively. [Tengu growth]
  1801 | D:3      | Reached XP level 5. HP: 27/32 MP: 8/8
  2736 | D:4      | Found a snail-covered altar of Cheibriados.
  2780 | D:4      | Reached skill level 5 in Stealth
  2780 | D:4      | Reached XP level 6. HP: 14/37 MP: 10/10
  3184 | D:4      | Found a staircase to the Ecumenical Temple.
  3194 | Temple   | Entered the Ecumenical Temple
  3647 | D:3      | Learned a level 3 spell: Stone Arrow
  3957 | D:3      | Reached skill level 1 in Conjurations
  4363 | D:4      | Reached XP level 7. HP: 41/42 MP: 12/12
  4623 | D:4      | Found an opulent altar of Gozag.
  4798 | D:5      | Entered Level 5 of the Dungeon
  4937 | D:5      | Reached skill level 1 in Earth Magic
  4980 | D:5      | HP: 2/43 [orc/+0 club (2)]
  5578 | D:5      | Found a blossoming altar of Fedhas.
  5602 | D:5      | Found a shimmering blue altar of Sif Muna.
  5760 | D:5      | Reached XP level 8. HP: 48/48 MP: 14/14
  6373 | D:5      | Reached skill level 5 in Dodging
  6516 | D:6      | Reached skill level 5 in Fighting
  6782 | D:6      | Found Bywuseso's Self-Improvement Boutique.
  6969 | D:6      | Reached XP level 9. HP: 19/51 MP: 16/16
  7291 | D:7      | Found a broken altar of Ashenzari.
  7295 | D:7      | Became a worshipper of Ashenzari the Shackled
  7332 | D:7      | Noticed a hornet
  7341 | D:7      | Killed a hornet
  7342 | D:7      | Reached skill level 5 in Conjurations
  7459 | D:7      | Found a bloodstained altar of Trog.
  7820 | D:7      | Found a sacrificial altar of Ru.
  7839 | D:7      | Found a stormy altar of Qazlal.
  7852 | D:7      | Noticed Prince Ribbit
  7878 | D:7      | Killed Prince Ribbit
  8488 | D:7      | Reached skill level 5 in Spellcasting
  8840 | D:7      | Noticed a kobold demonologist
  9066 | D:7      | Reached XP level 10. HP: 9/60 MP: 18/18
  9505 | D:8      | Found a sand-covered staircase.
  9529 | Ossuary  | Entered an ossuary
 10143 | D:8      | Found a glowing silver altar of Zin.
 10149 | D:8      | Found an iron altar of Okawaru.
 10229 | D:8      | Reached skill level 1 in Summonings
 10417 | D:8      | Learned a level 2 spell: Blink
 10602 | D:8      | Reached skill level 1 in Hexes
 10747 | D:9      | Identified the +9 plate armour of Headipoa {+Blink}
 10769 | D:9      | Identified the +9 trident "Mamisom" {elec, rPois}
 10840 | D:9      | Reached skill level 1 in Translocations
 10843 | D:9      | Found a hazy altar of Hepliaklqana.
 10971 | D:9      | Noticed a two-headed ogre
 11252 | D:8      | Reached skill level 1 in Polearms
 11310 | D:8      | Found a hide-covered altar of Uskayaw.
 11408 | D:7      | Killed a kobold demonologist
 11686 | D:2      | You are sucked into a shaft and drop 2 floors!
 12256 | D:9      | Identified the +1 scale mail "Amoidde" {rPois rF+ MP+9
                  | Dex+4}
 12320 | D:9      | Killed a two-headed ogre
 12524 | D:9      | Found a staircase to the Lair.
 12638 | Lair:1   | Entered Level 1 of the Lair of Beasts
 12642 | Lair:1   | Slain by a troll

Illustrated notes

Levels and vault maps discovered:
D:1:      psy_arrival_dodecagon, layout_rooms, serial_shops,
          nicolae_shop_bloodbath_and_beyond
D:2:      layout_loops_ring
D:3:      layout_loops_ring
D:4:      layout_cave_pools, mainiacjoe_overflow_big_doors,
          minmay_temple_entry_statues_fountains, minmay_liquid_box
D:5:      layout_loops_cross, lemuel_doored_altar, mainiacjoe_overflow_alcove_1,
          nicolae_wormholes
D:6:      layout_basic, nicolae_shop_self_help
D:7:      layout_loops_corners, mainiacjoe_overflow_catwalk,
          nicolae_ashenzari_skybound, mainiacjoe_overflow_chevrons,
          trog_hazing_becter, eino_small_chamber_without_monster,
          serial_bayou_lagoon_a, kb_lookout_dungeons_type, uniq_prince_ribbit1
D:8:      layout_basic, mainiacjoe_overflow_alcove_4, minitemple,
          nicolae_ossuary_entry_ruins, minmay_misc_feat_hallway
D:9:      layout_roguey, nicolae_hepliaklqana_hazy_memory, erik_lair_island
Temple:   jpeg_temple_alley_garden
Lair:1:   layout_small_grid, beast_lair_carwin_7, grunt_megastairs_2

Skill      XL: |  1  2  3  4  5  6  7  8  9 10 |
---------------+-------------------------------+-----
Spellcasting   | 1 2 3 4 5 |  5.9
Dodging        | 2 3 4 5 6 7 |  7.4
Fighting       | 3 4 5 6 7 |  7.0
Stealth        | 5 6 7 |  7.9
Conjurations   | 1 2 4 6 7 |  7.4
Earth Magic    | 1 2 3 4 |  4.2
Summonings     | 3 |  3.0
Hexes          | 2 |  2.0
Translocations | 1 |  1.7
Polearms       | 2 |  2.0
Short Blades   | |  2.1
Throwing       | |  2.0

Action                   |  1- 3 |  4- 6 |  7- 9 | 10-12 || total
-------------------------+-------+-------+-------+-------++-------
Melee: Dagger            |    78 |   176 |       |       ||   254
       Kick              |    11 |    52 |   116 |    92 ||   271
       Peck              |    12 |    29 |    80 |    52 ||   173
       Flail             |       |     7 |   348 |   178 ||   533
       Trident           |       |       |       |    60 ||    60
Throw: Dart              |     2 |     8 |     1 |     7 ||    18
       Throwing net      |       |       |       |     2 ||     2
 Cast: Stone Arrow       |       |       |     3 |     3 ||     6
Invok: Curse Item        |       |       |       |     1 ||     1
Evoke: Wand              |       |       |     2 |    11 ||    13
  Use: Potion            |       |     3 |     6 |     1 ||    10
       Scroll            |       |       |     7 |    13 ||    20
 Stab: Sleeping          |     8 |     2 |     4 |     5 ||    19
       Paralysed         |       |       |     2 |       ||     2
       Distracted        |       |       |       |     1 ||     1
Armor: Robe              |    18 |       |       |       ||    18
       Ring mail         |     5 |    64 |   109 |    76 ||   254
Dodge: Dodged            |    55 |    93 |   257 |   165 ||   570
Block: Buckler           |       |    22 |    50 |    53 ||   125

Table legend: (Time is in decaauts)
 A = Elapsed time spent in this place.
 B = Non-inter-level travel time spent in this place.
 C = Inter-level travel time spent in this place.
 D = Time resting spent in this place.
 E = Time spent auto-exploring this place.
 F = Levels seen in this place.
 G = Mean time per level.
                   A        B        C        D        E       F      G
               +--------+--------+--------+--------+--------+-----+--------+
         Total |  12344 |  11632 |    712 |   3865 |   4450 |  12 | 1028.7 |
       Dungeon |  11598 |  10934 |    664 |   3602 |   4304 |   9 | 1288.7 |
        Temple |    214 |    166 |     48 |      0 |    145 |   1 |  214.0 |
          Lair |      4 |      4 |      0 |      0 |      0 |   1 |    4.0 |
       Ossuary |    526 |    526 |      0 |    263 |      0 |   1 |  526.0 |
               +--------+--------+--------+--------+--------+-----+--------+

Top non-repeatable levels by time:
     D:7: 1963 daAuts
     D:3: 1849 daAuts
     D:8: 1584 daAuts
     D:4: 1323 daAuts
     D:5: 1190 daAuts
     D:6: 1028 daAuts
     D:2: 991 daAuts
     D:1: 959 daAuts
     D:9: 709 daAuts
 Ossuary: 526 daAuts
  Temple: 214 daAuts
  Lair:1: 4 daAuts
